 Dungeon Crawl Stone Soup version 0.21-a0-582-g1b93aee (webtiles) character file.

131 sithsevirus the Ducker (level 5, -5/39 HPs)
             Began as an Octopode Fighter on Dec 19, 2017.
             Slain by Ratty's ghost (9 damage)
             ... on level 3 of the Dungeon.
             The game lasted 00:06:33 (2104 turns).

sithsevirus the Ducker (Octopode Fighter)           Turns: 2104, Time: 00:06:33

Health: -5/39      AC:  3    Str: 13 (15) XL:     5   Next: 14%
Magic:  5/5        EV: 11    Int: 11 (12) God:
Gold:   72         SH:  8    Dex:  7 (9)  Spells: 4/4 levels left

rFire    . . .     SeeInvis .   a - +0 trident
rCold    . . .     Gourm    .   b - +0 shield
rNeg     . . .     Faith    .   (helmet restricted)
rPois    .         Spirit   .   (no amulet)
rElec    .         Reflect  .   (no ring)
rCorr    .         Harm     .   (no ring)
MR       .....     Rnd*Rage +   (no ring)
Stlth    ++........             (no ring)
HPRegen  0.13/turn              (no ring)
MPRegen  0.09/turn              (no ring)
                                (no ring)
                                (no ring)

@: no status effects
A: almost no armour, stealthy swim, amphibious, 8 rings, constrict 8, iridescent
scales 1, camouflage 1, berserk 1, clumsy 1, robust 1, gelatinous body 1
a: no special abilities


You were on level 3 of the Dungeon.
You were not hungry.

You visited 1 branch of the dungeon, and saw 3 of its levels.

You collected 72 gold pieces.

Inventory:

Hand Weapons
 a - a +0 trident (weapon)
Missiles
 f - 93 stones (quivered)
 r - 16 sling bullets
Armour
 b - a +0 shield (worn)
Scrolls
 e - a scroll of random uselessness {unknown}
 i - 5 scrolls of identify {unknown}
 l - a scroll of fear {unknown}
 o - 2 scrolls of remove curse {unknown}
 s - 2 scrolls of teleportation {unknown}
Potions
 c - a potion of might
 j - a potion of brilliance {unknown}
 k - a potion of magic {unknown}
 m - a potion of lignification {unknown}
 n - a potion of heal wounds {unknown}
 p - a potion of degeneration
 q - a potion of curing {unknown}
Comestibles
 d - 6 rations


   Skills:
 + Level 3.6 Fighting
 * Level 3.5 Polearms
 + Level 3.6 Dodging
 + Level 3.6 Shields


You had 4 spell levels left.
You didn't know any spells.

Dungeon Overview and Level Annotations

Branches:
Dungeon (3/15)

Altars:

Annotations:
D:3 Ratty's ghost, weakling CeHu


Innate Abilities, Weirdness & Mutations

You cannot wear most types of armour.
You are very stealthy in the water. (Stealth+)
You are amphibious.
You can wear up to eight rings at the same time.
You can use your tentacles to constrict eight enemies at once.
Your skin changes colour to match your surroundings (Stealth+).
Your rubbery body absorbs attacks. (AC +1, EV +1)
You are partially covered in iridescent scales. (AC +2)
You tend to lose your temper in combat.
You are clumsy. (Dex -2)
You are robust. (+10% HP)


Message History

Ratty's ghost is heavily damaged.
Ratty's ghost barely misses you.
The rat twitches its whiskers.
You block Ratty's ghost's attack.
You hit Ratty's ghost.
Ratty's ghost is severely damaged.
You block Ratty's ghost's attack.
You hit Ratty's ghost.
Ratty's ghost is severely damaged.
Ratty's ghost hits you.
* * * LOW HITPOINT WARNING * * *
You barely miss Ratty's ghost.
Ratty's ghost is severely damaged.
Ratty's ghost hits you.
* * * LOW HITPOINT WARNING * * *
It was a potion of mutation.
You feel extremely strange.
You feel clumsy.
You feel robust.
You feel a little pissed off.
Iridescent scales grow over part of your body.
Ratty's ghost hits you!
You die...

#.................?.#
##...................#.
#......................
#....................#
#.......#............#.
#.......#..............
#.......#......r†...$#
#####.#.#....##W#....#
#.#.#....##@# ...#
#.#.........# ..#
######.#......#### ##
.....#.#....###
###....#.##.# #
#..#....#.# #
#.......#.# #
#.......#.# #
#.#.#####.#


You could see Ratty's ghost and a rat.

Vanquished Creatures
  Robin (D:2)
  5 adders
  4 worms (D:2)
  A dart slug (D:1)
  3 leopard geckos
  A ball python (D:2)
  5 giant cockroaches
  8 goblins
  7 hobgoblins (D:2)
  4 jackals (D:2)
  3 quokkas
  4 bats (D:1)
  3 frilled lizards
  4 kobolds
  6 rats
59 creatures vanquished.

Notes
Turn   | Place    | Note
-------+----------+-------------------------------------------
     0 | D:1      | sithsevirus the Octopode Fighter began the quest for the Orb.
     0 | D:1      | Reached XP level 1. HP: 16/16 MP: 1/1
   175 | D:1      | Reached XP level 2. HP: 21/21 MP: 2/2
   688 | D:2      | Reached XP level 3. HP: 26/26 MP: 3/3
  1058 | D:2      | Reached XP level 4. HP: 31/31 MP: 4/4
  1174 | D:2      | Noticed Robin
  1206 | D:2      | Killed Robin
  1524 | D:2      | Reached XP level 5. HP: 24/36 MP: 5/5
  1634 | D:2      | Found a faded altar of an unknown god.
  2087 | D:3      | Noticed Ratty's ghost (weakling CeHu)
  2104 | D:3      | Gained mutation: You are clumsy. (Dex -2) [potion of mutation]
  2104 | D:3      | Gained mutation: You are robust. (+10% HP) [potion of mutation]
  2104 | D:3      | Gained mutation: You tend to lose your temper in combat. [potion of mutation]
  2104 | D:3      | Gained mutation: You are partially covered in iridescent scales. (AC +2) [potion of mutation]
  2104 | D:3      | Slain by Ratty's ghost

Vault maps used:
D:1:      co_arrival_square_in_a_square_in_a_square
D:2:      chequers_ecumenical_altar_simple_redux, uniq_robin
D:3:      kennysheep_big_flooded_room

Skill      XL: |  1  2  3 |
---------------+----------+-----
Polearms       | 3 |  3.5
Fighting       | |  3.6
Dodging        | |  3.6
Shields        | |  3.6

Action                   |  1- 3 |  4- 6 || total
-------------------------+-------+-------++-------
Melee: Trident           |    61 |    79 ||   140
       Constrict         |    12 |    18 ||    30
       Tentacles         |     6 |    12 ||    18
  Use: Potion            |       |     2 ||     2
 Stab: Sleeping          |     9 |     1 ||    10
  Eat: Chunk             |       |     4 ||     4
Armor: Skin              |     6 |     4 ||    10
Dodge: Dodged            |    10 |    24 ||    34
Block: Shield            |    13 |    33 ||    46

Table legend:
 A = Spawn XP
 B = Non-spawn XP
 C = Spawn XP percentage of total XP
 D = Spawn monster count
 E = Non-spawn monster count
 F = Spawn count percentage of total count
 G = Total turns spent on level
                    A         B        C        D         E        F      G
               +---------+---------+-------+---------+---------+-------+---------
         Total |       0 |     188 |   0.0 |       0 |      59 |   0.0 |  2104
               +---------+---------+-------+---------+---------+-------+---------
           D:1 |       0 |      21 |   0.0 |       0 |      11 |   0.0 |   530
           D:2 |       0 |     149 |   0.0 |       0 |      44 |   0.0 |  1458
           D:3 |       0 |      18 |   0.0 |       0 |       4 |   0.0 |   116
               +---------+---------+-------+---------+---------+-------+---------
